 Dungeon Crawl Stone Soup version 0.21.1-1-g345015f (webtiles) character file.

689 Mgcat the Skirmisher (level 7, -3/61 HPs)
             Began as a Barachi Fighter on Mar 11, 2018.
             Was a Follower of Cheibriados.
             Slain by a sky beast (5 damage)
             ... on level 5 of the Dungeon.
             The game lasted 00:10:29 (4057 turns).

Mgcat the Skirmisher (Barachi Fighter)              Turns: 4057, Time: 00:10:30

Health: -3/61      AC:  7    Str: 21    XL:     7   Next: 63%
Magic:  5/7        EV: 12    Int: 11    God:    Cheibriados [*.....]
Gold:   318        SH: 12    Dex: 13    Spells: 6/6 levels left

rFire    . . .     SeeInvis .   a - +0 war axe
rCold    . . .     Gourm    .   c - +0 shield
rNeg     . . .     Faith    .   C - +0 scale mail
rPois    .         Spirit   .   (no helmet)
rElec    .         Reflect  +   p - +1 cloak
rCorr    .         Harm     .   (no gloves)
MR       .....                  m - +0 pair of boots
Stlth    ..........             t - +4 amulet of reflection
HPRegen  0.20/turn              k - -2 ring of protection (curse)
MPRegen  0.10/turn              l - +5 ring of evasion

@: heavily drained, very slow
A: +LOS, swims, slowness 1, strong legs 1
a: Hop, Bend Time, Renounce Religion


You were on level 5 of the Dungeon.
You worshipped Cheibriados.
Cheibriados was aware of your devotion.
You were not hungry.

You visited 2 branches of the dungeon, and saw 6 of its levels.
You also visited: Sewer.

You collected 318 gold pieces.

Inventory:

Hand Weapons
 a - a +0 war axe (weapon)
 B - a +0 triple crossbow
   (You found it in a sewer)
Armour
 c - a +0 shield (worn)
 m - a +0 pair of boots (worn)
   (You found it on level 1 of the Dungeon)
 p - a +1 cloak (worn)
   (You found it on level 1 of the Dungeon)
 C - a +0 scale mail (worn)
Jewellery
 k - a cursed -2 ring of protection (left hand)
   (You found it on level 2 of the Dungeon)
 l - a +5 ring of evasion (right hand)
   (You found it on level 2 of the Dungeon)
 t - a +4 amulet of reflection (around neck)
   (You found it on level 3 of the Dungeon)
Wands
 w - a wand of paralysis (7)
   (You found it on level 4 of the Dungeon)
Scrolls
 o - 3 scrolls of identify
 q - a scroll of immolation {unknown}
 u - a scroll of teleportation
 x - 3 scrolls of fog
 y - 2 scrolls of remove curse {unknown}
Potions
 d - 3 potions of might
 e - a potion of degeneration {unknown}
 g - a potion of cancellation {unknown}
 h - 2 potions of agility {unknown}
 i - 2 potions of mutation {unknown}
 j - 2 potions of heal wounds
 n - a potion of flight {unknown}
 r - 4 potions of curing {unknown}
 s - a potion of ambrosia {unknown}
 v - 2 potions of haste {unknown}
 z - a potion of lignification {unknown}
Comestibles
 f - 7 rations
 A - 11 chunks of flesh {@w0}


   Skills:
 + Level 7.8(5.9) Fighting
 + Level 6.6(4.7) Axes
 - Level 3.6(1.9) Armour
 - Level 3.2(1.6) Shields


You had 6 spell levels left.
You didn't know any spells.

Dungeon Overview and Level Annotations

Branches:
Dungeon (5/15)             Temple (1/1) D:4

Altars:
Ashenzari
Cheibriados
Makhleb
Uskayaw
Xom
Yredelemnul
The Shining One


Innate Abilities, Weirdness & Mutations

Shadows flee at your approach. (+LOS)
You can swim through water.
You cover ground slowly.
You can hop short distances.


Message History

The slave is heavily wounded.
You block the slave's attack. The slave barely misses you.
Your shield and scale mail prevent you from hitting the slave.
The slave is heavily wounded.
You block the slave's attack.
You slash the slave!
The slave is almost dead.
The slave hits you but does no damage. x2
You closely miss the slave.
The slave is almost dead.
You block the slave's attack.
You closely miss the slave.
The slave is almost dead.
You block the slave's attack.
You slash the slave!
You kill the slave!
That felt strangely unrewarding.
Items here: [[ †† an animal skin x2; a human corpse x2
You butcher the human corpse.
A - 9 chunks of flesh {@w0} (gained 3)
You butcher the human corpse.
A - 11 chunks of flesh {@w0} (gained 2)
Things that are here:
an animal skin x2; a human skeleton
Things that are here:
an animal skin x2; a human skeleton You now have 318 gold pieces (gained 15).
HP restored.
f - 7 rations (gained 1)
A sky beast comes into view.
A sky beast is nearby!
The sky beast flickers out of sight!
Deactivating autopickup; reactivate with Ctrl-A.
Something hits you. Something shocks you.
No target in view!
No target in view!
No target in view!
No target in view!
No target in view!
No target in view!
You hit something but do no damage. Something hits you. Something shocks you.
You closely miss something. Something hits you. Something shocks you.
Something hits you but does no damage.
You closely miss something. Something hits you but does no damage.
You slash something! Something hits you but does no damage.
You closely miss something. You block something's attack. x2
You miss something. Something hits you but does no damage.
Your shield prevents you from hitting something.
Something hits you. Something shocks you.
You closely miss something. Something barely misses you.
Something hits you but does no damage.
You miss something. Something hits you. Something shocks you.
You miss something.
Something hits you but does no damage. x2
You miss something. Something hits you but does no damage.
You miss something. Something hits you. Something shocks you.
You slash something! Something completely misses you.
A sky beast appears from thin air!
Reactivating autopickup.
You block the sky beast's attack.
You hit the sky beast but do no damage.
The sky beast is severely wounded.
The sky beast hits you.
* * * LOW HITPOINT WARNING * * *
The sky beast shocks you.
* * * LOW HITPOINT WARNING * * *
You closely miss the sky beast.
The sky beast is severely wounded.
You block the sky beast's attack.
You miss the sky beast.
The sky beast is severely wounded.
You block the sky beast's attack. The sky beast barely misses you.
The flow of time bends around you.
Cheibriados rebukes the sky beast.
The sky beast seems to slow down.
You feel slightly more hungry.
Your shield and scale mail prevent you from hitting the sky beast.
The sky beast is severely wounded.
The sky beast hits you but does no damage.
You barely miss the sky beast.
The sky beast is severely wounded.
The sky beast hits you.
* * * LOW HITPOINT WARNING * * *
The sky beast shocks you.
* * * LOW HITPOINT WARNING * * *
Your shield and scale mail prevent you from hitting the sky beast.
The sky beast is severely wounded.
You block the sky beast's attack.
You closely miss the sky beast.
The sky beast is severely wounded.
The sky beast barely misses you.
You hit the sky beast but do no damage.
The sky beast is severely wounded.
Your shield and scale mail prevent you from hitting the sky beast.
The sky beast is severely wounded.
The sky beast flickers out of sight!
Deactivating autopickup; reactivate with Ctrl-A.
Something hits you.
* * * LOW HITPOINT WARNING * * *
Something shocks you.
You die...

##### ##...## **
*** ##.....## **,
*,* #.......# *,,
*,* ##...##..# #..
*,* ##..#.##..# #.#
*,* ##..##.##..#
#.#
#.###..###.##..#
#.# *#.{@.##
#.##.## #.# #....#
#.##.## ##.#
##...#*
#.##..###..#
#....#*#.##...##...
#.....##.##........
#.....<..####......
#..>......####...##
*#..........###<.##
**....####....#...#


There were no monsters in sight!

Vanquished Creatures
  A sky beast (D:5)
  Purgy (Sewer)
  2 slaves (D:5)
  2 ogres
  A bullfrog zombie (D:5)
  A hound (D:5)
  An orc wizard (D:4)
  A bullfrog skeleton (D:4)
  Terence (D:3)
  2 worker ants (D:4)
  The ghost of letownia2 the Magician, a weakling MfWz (D:3)
  3 adders
  4 worms
  2 dart slugs (D:4)
  8 leopard geckos
  4 orcs
  10 bats
  3 giant cockroaches
  4 goblins
  8 hobgoblins
  2 jackals (Sewer)
  9 kobolds
  A ball python (D:1)
  8 frilled lizards
  A jackal skeleton (D:4)
  A leopard gecko zombie (D:5)
  9 rats
91 creatures vanquished.

Notes
Turn   | Place    | Note
-------+----------+-------------------------------------------
     0 | D:1      | Mgcat the Barachi Fighter began the quest for the Orb.
     0 | D:1      | Reached XP level 1. HP: 18/18 MP: 1/1
   307 | D:1      | Reached XP level 2. HP: 25/25 MP: 2/2
   336 | D:1      | Reached skill level 4 in Fighting
   749 | D:1      | Reached skill level 3 in Axes
   901 | D:2      | Reached XP level 3. HP: 31/31 MP: 3/3
  1557 | D:3      | Noticed letownia2's ghost (weakling MfWz)
  1568 | D:3      | Killed letownia2's ghost
  1597 | D:3      | Reached XP level 4. HP: 20/38 MP: 4/4
  1835 | D:3      | Noticed Terence
  1843 | D:3      | Killed Terence
  1843 | D:3      | Reached skill level 5 in Fighting
  1899 | D:3      | Reached skill level 4 in Axes
  2620 | D:4      | Reached XP level 5. HP: 30/44 MP: 5/5
  2636 | D:4      | HP: 11/46 [poisoned by a worker ant]
  2641 | D:4      | HP: 10/46 [poisoned by a worker ant]
  2648 | D:4      | HP: 9/46 [poisoned by a worker ant]
  2656 | D:4      | HP: 8/46 [poisoned by a worker ant]
  2912 | D:4      | Found a staircase to the Ecumenical Temple.
  2920 | Temple   | Entered the Ecumenical Temple
  2962 | Temple   | Became a worshipper of Cheibriados the Contemplative
  3081 | D:4      | Reached skill level 6 in Fighting
  3161 | D:4      | Reached skill level 5 in Axes
  3161 | D:4      | Reached XP level 6. HP: 49/52 MP: 6/6
  3319 | D:4      | HP: 3/52 [ogre/giant spiked club (14)]
  3609 | D:5      | Entered Level 5 of the Dungeon
  3685 | D:5      | Reached * piety under Cheibriados
  3689 | D:5      | Found a glowing drain.
  3699 | Sewer    | Entered a sewer
  3773 | Sewer    | Noticed Purgy
  3787 | Sewer    | Killed Purgy
  3787 | Sewer    | Reached skill level 7 in Fighting
  3787 | Sewer    | Reached XP level 7. HP: 45/60 MP: 4/7
  3875 | D:5      | Reached skill level 6 in Axes
  3913 | D:5      | Got an encrusted hunting sling
  3914 | D:5      | Identified the +7 hunting sling "Toph" {venom, *Drain +Blink rC+ rN+} (You found it on level 5 of the Dungeon)
  4048 | D:5      | HP: 11/61 [sky beast (6)]
  4053 | D:5      | HP: 10/61 [sky beast (2)]
  4057 | D:5      | HP: 2/61 [something (4)]
  4057 | D:5      | Slain by a sky beast

Skill      XL: |  1  2  3  4  5  6  7 |
---------------+----------------------+-----
Fighting       | 4 5 6 7 |  7.8
Axes           | 3 4 5 6 |  6.6
Armour         | |  3.6
Shields        | |  3.2

Action                   |  1- 3 |  4- 6 |  7- 9 || total
-------------------------+-------+-------+-------++-------
Melee: War axe           |    99 |   183 |    82 ||   364
Invok: Bend Time         |       |     1 |     1 ||     2
 Abil: Evoke Berserk Rag |     1 |     1 |       ||     2
  Use: Scroll            |     5 |     2 |       ||     7
       Potion            |       |     1 |       ||     1
  Eat: Chunk             |     4 |     6 |     1 ||    11
       Ration            |       |     1 |       ||     1
Armor: Scale mail        |    43 |    64 |    24 ||   131
Dodge: Dodged            |    39 |    90 |    33 ||   162
Block: Shield            |    50 |   124 |    53 ||   227
       Reflection        |       |     1 |       ||     1

Vault maps used:
D:1:      lordsloth_arrival_two_stooges, lemuel_another_geyser
D:2:      kennysheep_boxes
D:3:      uniq_terence
D:4:      minmay_temple_entry_junction
D:5:      first_ration, portal_sewer_entry_f, uniq_ijyb, uniq_pikel
Temple:   dpeg_five_rooms_temple
Sewer:    sewer_the_crocodile

Table legend:
 A = Turns spent in this place as a percentage of turns spent in the entire game.
 B = Non-inter-level travel turns spent in this place as a percentage of non-inter-level travel turns spent in the entire game.
 C = Inter-level travel turns spent in this place as a percentage of turns spent in this place.
 D = Turns resting spent in this place as a percentage of non-inter-level travel turns spent in this place.
 E = Turns spent auto-exploring this place as a percentage of non-inter-level travel turns spent in this place.
 F = Non-inter-level travel turns spent in this place divided by the number of levels of this place that you've seen.
                   A       B       C       D       E      F
               +-------+-------+-------+-------+-------+----------------------
         Total | 100.0 | 100.0 |   2.7 |   0.1 |  78.9 | 563.7
       Dungeon |  93.2 |  94.1 |   1.7 |   0.1 |  79.9 | 743.0
        Temple |   2.9 |   1.9 |  37.8 |   0.0 |  74.3 |  74.0
         Sewer |   3.9 |   4.0 |   0.0 |   0.0 |  58.6 | 157.0
               +-------+-------+-------+-------+-------+----------------------

Table legend:
 A = Kills in this place as a percentage of kills in entire the game.
 B = Kills by you in this place as a percentage of kills by you in the entire game.
 C = Kills by friends in this place as a percentage of kills by friends in the entire game.
 D = Other kills in this place as a percentage of other kills in the entire game.
 E = Experience gained in this place as a percentage of experience gained in the entire game.
 F = Experience gained in this place divided by the number of levels of this place that you have seen.
                   A       B       C       D       E      F
               +-------+-------+-------+-------+-------+----------------------
         Total | 100.0 | 100.0 |   N/A |   N/A | 100.0 | 140.7
       Dungeon |  93.3 |  93.3 |   N/A |   N/A |  86.0 | 169.4
         Sewer |   6.7 |   6.7 |   N/A |   N/A |  14.0 | 138.0
               +-------+-------+-------+-------+-------+----------------------
